 Dungeon Crawl Stone Soup version 0.29.0-4-gdea44cf6ec (webtiles) character file.

Game seed: 11390247460028444436

632 qw the Chopper (level 7, -13/43 HPs)
             Began as a Gargoyle Fighter on Sept 10, 2022.
             Mangled by an ogre
             ... wielding a +0 giant spiked club
              (21 damage)
             ... on level 4 of the Dungeon.
             The game lasted 00:01:36 (4468 turns).

qw the Chopper (Gargoyle Fighter)                   Turns: 4468, Time: 00:01:37

Health: -13/43     AC: 13    Str: 19    XL:     7   Next: 49%
Magic:  0/6        EV:  7    Int:  9    God:
Gold:   190        SH:  4    Dex:  9    Spells: 6/6 levels left

rFire   . . .      SeeInvis .   Y - +0 war axe
rCold   . . .      Faith    .   c - +0 buckler
rNeg    + . .      Spirit   +   i - +0 chain mail
rPois   inf        Reflect  .   (no helmet)
rElec   +          Harm     .   (no cloak)
rCorr   .          Rampage  .   (no gloves)
Will    .....                   (no boots)
Stlth   ..........              a - amulet of guardian spirit
HPRegen 0.14/turn               (no ring)
MPRegen 0.10/turn               (no ring)

@: no status effects
A: sickness immunity, AC +4, negative energy resistance 1, electricity
resistance, torment resistance 1, petrification resistance, hooves 1, low MP 1,
weak 1
a: no special abilities


You were on level 4 of the Dungeon.
You visited 1 branch of the dungeon, and saw 4 of its levels.

You collected 190 gold pieces.


Innate Abilities, Weirdness & Mutations

You are immune to sickness and miasma.
Your stone body is resilient. (AC +4)
You are immune to poison.
You resist negative energy. (rN+)
You are resistant to electric shocks. (rElec)
You are resistant to unholy torment.
You are immune to petrification.
You have large cloven feet.
Your magical capacity is low. (-10% MP)
You are weak. (Str -2)


   Skills:
 + Level 4.1 Fighting
 - Level 7.1 Axes
 - Level 3.2 Armour
 - Level 3.2 Shields


You had 6 spell levels left.
You didn't know any spells.
Your spell library was empty.

Inventory:

Hand Weapons
 l - a +0 flail
 Y - a +0 war axe (weapon)
Armour
 c - a +0 buckler (worn)
 i - a +0 chain mail (worn)
 p - a +0 helmet
 q - a +0 tower shield
Jewellery
 a - an amulet of guardian spirit (around neck)
Scrolls
 m - a scroll of torment {unknown}
 n - 2 scrolls of identify
Potions
 b - 3 potions of curing
 d - 3 potions of might
 e - a potion of lignification
 f - a potion of berserk rage {unknown}
 g - a potion of haste {unknown}
 h - a potion of magic {unknown}
 j - 2 potions of degeneration {unknown}
 k - 2 potions of mutation
 o - 2 potions of cancellation {unknown}

Dungeon Overview and Level Annotations

Branches:
Dungeon (4/15)
 Temple: D:4-7

Altars:
Kikubaaqudgha

Annotations:
D:4 Natasha


Message History

You hit the kobold brigand. Your kick misses the kobold brigand.
The kobold brigand is severely wounded.
The kobold brigand hits you with a +0 club.
You hit the kobold brigand but do no damage.
You kick the kobold brigand.
The kobold brigand is almost dead.
The kobold brigand completely misses you.
You hit the kobold brigand but do no damage.
Your kick misses the kobold brigand.
The kobold brigand is almost dead.
The kobold brigand hits you with a +0 club.
You closely miss the kobold brigand.
The kobold brigand is almost dead.
The kobold brigand barely misses you.
You hit the kobold brigand.
You kill the kobold brigand!
Your Axes skill increases to level 7!
You start resting.
Magic restored.
You start resting.
HP restored.
Found 4 stones.
Natasha hisses angrily.
n - 2 scrolls of identify (gained 1)
Items here: % ( )) [.
Items here: % ( )) [.
Things that are here:
a +0 dagger; a +0 club; a kobold skeleton An ogre comes into view.
It is wielding a +0 giant spiked club.
The ogre shouts!
You slash the ogre!
The ogre is moderately wounded.
The ogre hits you with a +0 giant spiked club!!
You barely miss the ogre. You kick the ogre.
The ogre is moderately wounded.
The ogre hits you with a +0 giant spiked club!!
You closely miss the ogre.
The ogre is moderately wounded.
The ogre hits you with a +0 giant spiked club!!
You die...

###.#....#.)#........#.##%...#...
.........))>.........+.......####
#####....####........#.##....#
#....# #........#.##....# ##
###### #........#.###.### #.
##########.# #..####.
##......###.#.#.#.
##..###.)##.#.#.#.#
#.@#...))..#.#.#.#.
#.O#..#.)###.#.#.#.# #.#..~#..#
##.#.#.#. #.#.~~#..###.#.#.#.#
#...~~##).###.#.#.#.
###~~~~#..##.#.#.#.#
#~~~~#..###.#)#.#.
#~~~~#..##.#.#.#.#
##~~##..###.#.#.#.


You could see an ogre.

Vanquished Creatures
  A black bear (D:4)
  2 kobold brigands (D:4)
  A phantom (D:3)
  A scorpion (D:4)
  2 hounds (D:4)
  Terence (D:2)
  Natasha (D:4)
  Robin (D:4)
  3 adders
  A worm (D:4)
  7 dart slugs
  5 orcs
  7 endoplasms
  6 giant cockroaches
  15 goblins
  10 hobgoblins
  3 quokkas
  8 ball pythons
  5 bats
  8 frilled lizards
  13 kobolds
  7 rats
108 creatures vanquished.

Vanquished Creatures (others)
  A plant (D:1)
1 creature vanquished.

Grand Total: 109 creatures vanquished

Notes
Turn   | Place    | Note
-------+----------+-------------------------------------------
     0 | D:1      | qw the Gargoyle Fighter began the quest for the Orb.
     0 | D:1      | Reached XP level 1. HP: 14/14 MP: 1/1
     0 | D:1      | 0 ||| qw: Version: 0.1-a-116-g5d60599
     0 | D:1      | 0 ||| qw: Game counter: 7437
     0 | D:1      | 0 ||| qw: Always use a shield: true
     0 | D:1      | 0 ||| qw: God list: Okawaru
     0 | D:1      | 0 ||| qw: Allow faded altars: false
     0 | D:1      | 0 ||| qw: Do Orc after D:15 true
     0 | D:1      | 0 ||| qw: Do second Lair branch before Depths: true
     0 | D:1      | 0 ||| qw: Lair rune preference: random
     0 | D:1      | 0 ||| qw: Plans: Normal, Zot, God:TSO, Crypt, Tomb, Zig,
                  | Orb
     0 | D:1      | 0 ||| PLANNING D:1-11
   205 | D:1      | 205 ||| Stepping ~*~*~tactically~*~*~ (stealth).
   212 | D:1      | Reached skill level 2 in Axes
   337 | D:1      | Reached XP level 2. HP: 19/19 MP: 2/2
   593 | D:1      | 593 ||| Stepping ~*~*~tactically~*~*~ (hiding).
   601 | D:1      | Reached skill level 3 in Axes
   647 | D:1      | 647 ||| Stepping ~*~*~tactically~*~*~ (stealth).
   648 | D:1      | 648 ||| Stepping ~*~*~tactically~*~*~ (stealth).
   654 | D:1      | Reached XP level 3. HP: 12/23 MP: 3/3
   935 | D:1      | 935 ||| Stepping ~*~*~tactically~*~*~ (stealth).
   936 | D:1      | 936 ||| Stepping ~*~*~tactically~*~*~ (stealth).
  1255 | D:1      | 1255 ||| DROPPING scarf of harm.
  1256 | D:1      | 1256 ||| READING scroll labelled ZOERPH ZOET.
  1587 | D:2      | Reached XP level 4. HP: 28/28 MP: 4/4
  1631 | D:2      | Found a faded altar of an unknown god.
  1791 | D:2      | Noticed Terence
  1804 | D:2      | Killed Terence
  1805 | D:2      | Reached skill level 4 in Axes
  1980 | D:2      | 1980 ||| FLEEEEING.
  2150 | D:2      | 2150 ||| UPGRADING to +0 chain mail.
  2160 | D:2      | 2160 ||| DROPPING +0 scale mail.
  2161 | D:2      | 2161 ||| UPGRADING to amulet of guardian spirit.
  2166 | D:2      | 2166 ||| READING scroll labelled TUCOGA DOAS.
  2167 | D:2      | 2167 ||| READING scroll labelled XYOPIL FEWAWOSCH.
  2168 | D:2      | 2168 ||| READING scroll labelled ARUUHOU AKHLE.
  2169 | D:2      | 2169 ||| DRINKING 2 purple potions.
  2170 | D:2      | 2170 ||| READING 2 scrolls of identify.
  2170 | D:2      | 2170 ||| IDENTIFYING metallic brown potion
  2171 | D:2      | 2171 ||| DROPPING potion of invisibility.
  2185 | D:3      | 2185 ||| Stepping ~*~*~tactically~*~*~ (stealth).
  2188 | D:3      | 2188 ||| Stepping ~*~*~tactically~*~*~ (stealth).
  2189 | D:3      | 2189 ||| Stepping ~*~*~tactically~*~*~ (stealth).
  2191 | D:3      | 2191 ||| Stepping ~*~*~tactically~*~*~ (stealth).
  2455 | D:3      | Noticed a phantom
  2468 | D:3      | Killed a phantom
  2469 | D:3      | Reached skill level 5 in Axes
  2469 | D:3      | Reached XP level 5. HP: 22/32 MP: 3/5
  2583 | D:3      | 2583 ||| Stepping ~*~*~tactically~*~*~ (stealth).
  2616 | D:3      | 2616 ||| DROPPING +0 whip.
  2618 | D:3      | 2618 ||| Stepping ~*~*~tactically~*~*~ (hiding).
  2621 | D:3      | 2621 ||| Stepping ~*~*~tactically~*~*~ (hiding).
  2624 | D:3      | 2624 ||| Stepping ~*~*~tactically~*~*~ (hiding).
  2799 | D:3      | 2799 ||| Stepping ~*~*~tactically~*~*~ (hiding).
  2936 | D:3      | 2936 ||| Stepping ~*~*~tactically~*~*~ (stealth).
  3203 | D:3      | 3203 ||| READING scroll labelled ZAAMIT LINYQEJE.
  3204 | D:3      | 3204 ||| DRINKING 2 fuming clear potions.
  3204 | D:3      | Gained mutation: Your magical capacity is low. (-10% MP)
                  | [potion of mutation]
  3204 | D:3      | Gained mutation: You are weak. (Str -2) [potion of
                  | mutation]
  3204 | D:3      | Gained mutation: You have large cloven feet. [potion of
                  | mutation]
  3425 | D:4      | Reached XP level 6. HP: 34/38 MP: 3/5
  3503 | D:4      | 3503 ||| Stepping ~*~*~tactically~*~*~ (hiding).
  3613 | D:4      | Noticed Natasha
  3614 | D:4      | Noticed a black bear
  3620 | D:4      | Killed Natasha
  3622 | D:4      | Killed a black bear
  3801 | D:4      | Found an ancient bone altar of Kikubaaqudgha.
  3857 | D:4      | 3857 ||| Stepping ~*~*~tactically~*~*~ (hiding).
  3858 | D:4      | 3858 ||| Stepping ~*~*~tactically~*~*~ (hiding).
  3859 | D:4      | 3859 ||| Stepping ~*~*~tactically~*~*~ (hiding).
  3859 | D:4      | Noticed Robin
  3875 | D:4      | Killed Robin
  3876 | D:4      | Reached skill level 6 in Axes
  3880 | D:4      | Reached XP level 7. HP: 35/43 MP: 4/6
  3880 | D:4      | 3880 ||| Stepping ~*~*~tactically~*~*~ (stealth).
  3881 | D:4      | 3881 ||| Stepping ~*~*~tactically~*~*~ (stealth).
  3882 | D:4      | 3882 ||| Stepping ~*~*~tactically~*~*~ (stealth).
  4167 | D:4      | 4167 ||| Stepping ~*~*~tactically~*~*~ (stealth).
  4170 | D:4      | 4170 ||| Stepping ~*~*~tactically~*~*~ (stealth).
  4172 | D:4      | 4172 ||| Stepping ~*~*~tactically~*~*~ (stealth).
  4216 | D:4      | 4216 ||| Stepping ~*~*~tactically~*~*~ (stealth).
  4261 | D:4      | Reached skill level 7 in Axes
  4441 | D:4      | Noticed Natasha
  4467 | D:4      | HP: 7/43 [ogre/+0 giant spiked club (18)]
  4468 | D:4      | Mangled by an ogre

Levels and vault maps discovered:
D:1:      wander_arrival_fairy_ring, layout_loops_ring, minmay_lizard_pond
D:2:      layout_loops_ring, shapermc_ecumenical_altar_mp_highgroup,
          minmay_misc_feat_hallway, minmay_tromino_i2, uniq_terence
D:3:      layout_basic, nicolae_elevator_lobby_plus
D:4:      cheibrodos_thug_alley, layout_basic, mainiacjoe_overflow_tiny_flanked,
          uniq_natasha, uniq_robin

Skill      XL: |  1  2  3  4  5  6  7 |
---------------+----------------------+-----
Axes           | 2 3 5 6 7 |  7.1
Fighting       | 4 |  4.1
Armour         | |  3.2
Shields        | |  3.2

Action                   |  1- 3 |  4- 6 |  7- 9 || total
-------------------------+-------+-------+-------++-------
Melee: War axe           |   116 |   135 |    63 ||   314
       Kick              |       |    15 |    14 ||    29
  Use: Scroll            |     1 |     5 |       ||     6
       Potion            |       |     2 |       ||     2
 Stab: Invisible         |       |     1 |       ||     1
Armor: Scale mail        |    53 |    17 |       ||    70
       Chain mail        |       |    71 |    28 ||    99
Dodge: Dodged            |    50 |    54 |    16 ||   120
Block: Buckler           |    14 |    17 |     7 ||    38

Table legend:
 A = Non-vault XP
 B = Vault XP
 C = Vault XP percentage of total XP
 D = Non-vault monster count
 E = Vault monster count
 F = Vault count percentage of total count
                 A         B        C        D         E       F
            +---------+---------+-------+---------+---------+-------
      Total |     582 |     322 |  35.6 |      79 |      29 |  26.9
            +---------+---------+-------+---------+---------+-------
        D:1 |      52 |       3 |   5.5 |      29 |       3 |   9.4
        D:2 |      48 |      37 |  43.5 |      14 |       2 |  12.5
        D:3 |     143 |       0 |   0.0 |      19 |       0 |   0.0
        D:4 |     339 |     282 |  45.4 |      17 |      24 |  58.5
            +---------+---------+-------+---------+---------+-------
